 Dungeon Crawl Stone Soup version 0.18.1-8-gdd0e5ea (webtiles) character file.

15163 rockintein the Severer (level 11, 0/110 HPs)
             Began as a Minotaur Berserker on June 9, 2016.
             Was a High Priest of Trog.
             Shot with an arrow by Nessos (14 damage)
             ... on level 12 of the Dungeon.
             The game lasted 00:25:56 (13743 turns).

rockintein the Severer (Minotaur Berserker)        Turns: 13743, Time: 00:25:56

Health: 0/110      AC: 19    Str: 25    XL:     11   Next: 98%
Magic:  10/10      EV:  7    Int:  8    God:    Trog [*****.]
Gold:   663        SH:  9    Dex: 10    Spells: 0 memorised, 10 levels left

rFire  + . .     SeeInvis .     B - +0 war axe
rCold  . . .     Gourm    .     j - +2 plate armour {rPois}
rNeg   . . .     Faith    .     t - +3 buckler {rF+}
rPois  +         Spirit   .     (helmet restricted)
rElec  .         Dismiss  .     v - +0 cloak {rPois}
rCorr  +         Reflect  .     D - +2 pair of gloves
SustAt .         Harm     .     (no boots)
MR     ++...                    (no amulet)
Stlth  ..........               n - +2 ring of intelligence
                                w - ring of resist corrosion

@: regenerating, very resistant to hostile enchantments, extremely unstealthy
A: retaliatory headbutt, horns 2, clever 1, mutation resistance 1, robust 1
a: Berserk, Trog's Hand, Brothers in Arms, Burn Spellbooks, Renounce Religion


You were on level 12 of the Dungeon.
You worshipped Trog.
Trog was extremely pleased with you.
You were not hungry.

You visited 1 branch of the dungeon, and saw 12 of its levels.

You collected 699 gold pieces.
You spent 36 gold pieces at shops.

Inventory:

Hand Weapons
 p - a +1 mace of protection
 s - a +1 hand axe of freezing
 B - a +0 war axe (weapon)
Armour
 j - a +2 plate armour of poison resistance (worn)
 t - a +3 buckler of fire resistance (worn)
 v - a +0 cloak of poison resistance (worn)
 D - a +2 pair of gloves (worn)
Jewellery
 n - a +2 ring of intelligence (right hand)
 w - a ring of resist corrosion (left hand)
Scrolls
 a - 7 scrolls of remove curse
 b - a scroll of enchant armour
 e - 2 scrolls of recharging
 k - 3 scrolls of amnesia
 m - 10 scrolls of identify
 r - a scroll of enchant weapon
 x - a scroll of fog
Potions
 l - 2 potions of cancellation
 C - 2 potions of flight
 E - a potion of beneficial mutation
Books
 g - a book of the Dragon

   Spells                             Type                      Level
   a - Flame Tongue                   Conjuration/Fire             1
   b - Cause Fear                     Hexes                        4
   c - Bolt of Fire                   Conjuration/Fire             6
   d - Dragon Form                    Transmutation                7
   e - Dragon's Call                  Summoning                    9
   Trog disapproves of the use of such an item.
 u - the Compendium of Orientation
   (You found it on level 9 of the Dungeon)

   Spells                             Type                      Level
   a - Gell's Gravitas                Hexes/Translocation          3
   b - Recall                         Summoning/Translocation      3
   c - Force Lance                    Conjuration/Translocation    4
   d - Warp Weapon                    Charms/Translocation         5
   Trog disapproves of the use of such an item.
Comestibles
 c - 13 bread rations
 h - 4 beef jerkies
 o - 6 meat rations
 q - 5 fruits
 A - 6 slices of pizza


   Skills:
 + Level 10.2 Fighting
 * Level 16.1 Axes
 - Level 5.9 Throwing
 + Level 5.7 Armour
 - Level 2.1 Dodging
 + Level 9.7 Shields


You had 10 spell levels left.
You didn't know any spells.

Dungeon Overview and Level Annotations

Branches:
Dungeon (12/15)            Temple (0/1) D:6            Lair (0/8) D:10
    Orc (0/2) D:10

Altars:
Dithmenos
Fedhas
Nemelex Xobeh
Okawaru
Pakellas
Trog
Vehumet
Zin

Shops:
D:4 *(*(!   D:11 !

Annotations:
D:12 Kirke, Nessos


Innate Abilities, Weirdness & Mutations

You reflexively headbutt those who attack you in melee.
You have a pair of horns on your head.
Your mind is acute. (Int +2)
You are somewhat resistant to further mutation.
You are robust (+10% HP).


Message History

You kill the hog!
Trog accepts your kill.
Nessos shoots an arrow.
The arrow hits you!!
* * * LOW HITPOINT WARNING * * *
The arrow burns you.
* * * LOW HITPOINT WARNING * * *
You are too injured to fight recklessly!
Nessos unwields an uncursed longbow of flaming.
It stops flaming.
Nessos hits you but does no damage. Nessos hits you.
* * * LOW HITPOINT WARNING * * *
You hit Nessos.
Nessos is heavily wounded.
You block Nessos's attack. Nessos hits you but does no damage.
Your plate armour prevents you from hitting Nessos.
Nessos is heavily wounded.
Nessos blinks!
You feel less exhausted.
Nessos wields an uncursed longbow of flaming.
It bursts into flame!
Nessos shoots an arrow.
The arrow hits you!
You die...

.........(....# ##..
.......(.....# ....
####...((....# .... >..
#..((†....# ##.. ....
###)#.....# .#####+
..... #c.(#.....#
.......
..c..#.(.#.....#
.......
#..#'###.#.....# ####..
#....#@##..>.########..
#.§..#..#....#.........
#....(.†#....#.........
#....#..+....#.....##..
#....####....#.....##..
###......(...#.....##..
#..........'......†..
#.......((.#.....##..
#.......)(.#.....####


You could see Nessos.

Vanquished Creatures
  Azrael (D:12)
  A hydra (D:12)
  The ghost of multipassport the Grappler, a novice TrAK of Lugonu (D:8)
  Erolcha (D:8)
  Urug (D:11)
  A hill giant (D:12)
  An ugly thing (D:12)
  Maurice (D:10)
  A polar bear (D:8)
  2 trolls
  The ghost of ReniFell the Skirmisher, an amateur FoFi of Okawaru (D:4)
  The ghost of Scarto the Skirmisher, an amateur DsFi (D:3)
  A shadow (D:11)
  2 wyverns
  6 yaks
  3 hogs (D:12)
  A human (D:9)
  2 fire elementals (D:12)
  2 hippogriffs
  Menkaure (D:6)
  4 hell hounds (D:12)
  4 ice beasts
  A black bear (D:9)
  10 orc warriors
  2 sky beasts
  2 phantoms
  A necrophage (D:12)
  A wolf (D:8)
  4 ogres
  2 crocodiles
  2 centaurs
  A big kobold (D:12)
  5 giant frogs
  A scorpion (D:8)
  6 killer bees (D:9)
  7 electric eels
  4 howler monkeys
  5 wights (D:10)
  4 crimson imps
  A quasit (D:8)
  A giant frog zombie (D:9)
  3 centaur zombies
  Crazy Yiuf (D:6)
  2 hounds
  14 orc wizards
  A centaur skeleton (D:8)
  11 orc priests
  4 jellies
  2 giant frog skeletons
  A gnoll shaman (D:6)
  An iguana (D:8)
  8 worker ants
  3 sheep (D:9)
  A giant frog simulacrum (D:8)
  2 centaur simulacra (D:8)
  A hound skeleton (D:4)
  2 worker ant zombies (D:11)
  Robin (D:4)
  A howler monkey zombie (D:9)
  10 gnolls
  12 adders
  7 shadow imps
  8 white imps (D:8)
  2 worker ant simulacra (D:8)
  3 ufetubi
  An ooze (D:6)
  4 worms
  4 giant geckos
  45 orcs
  A ball python (D:2)
  5 giant cockroaches
  15 goblins
  11 hobgoblins
  7 jackals
  10 kobolds
  3 quokkas
  12 bats
  A giant gecko skeleton (D:6)
  2 giant gecko zombies
  5 giant newts
  A jackal simulacrum (D:8)
  A jackal zombie (D:6)
  13 rats
341 creatures vanquished.

Notes
Turn   | Place    | Note
--------------------------------------------------------------
     0 | D:1      | rockintein the Minotaur Berserker began the quest for the Orb.
     0 | D:1      | Reached XP level 1. HP: 19/19 MP: 0/0
    27 | D:1      | Reached skill level 4 in Axes
   211 | D:1      | Reached XP level 2. HP: 16/26 MP: 1/1
   632 | D:1      | Reached ** piety under Trog
   637 | D:1      | Reached skill level 5 in Axes
   732 | D:1      | Reached XP level 3. HP: 23/31 MP: 2/2
   984 | D:2      | Found an iron altar of Okawaru.
  1324 | D:2      | Reached XP level 4. HP: 32/39 MP: 3/3
  1474 | D:2      | Reached skill level 6 in Axes
  1812 | D:3      | Noticed Scarto's ghost (amateur DsFi)
  1821 | D:3      | Killed Scarto's ghost
  1821 | D:3      | Reached skill level 8 in Axes
  1821 | D:3      | Reached XP level 5. HP: 45/45 MP: 4/4
  1821 | D:3      | Reached XP level 6. HP: 51/51 MP: 5/5
  2902 | D:3      | Reached *** piety under Trog
  2902 | D:3      | Reached skill level 9 in Axes
  3020 | D:3      | Gained mutation: Your mind is acute. (Int +2) [potion of mutation]
  3020 | D:3      | Gained mutation: You are robust (+10% HP). [potion of mutation]
  3020 | D:3      | Gained mutation: You are somewhat resistant to further mutation. [potion of mutation]
  3082 | D:4      | Found Yxor's Assorted Antiques.
  3086 | D:4      | Found Diacro's Antique Weapon Emporium.
  3245 | D:4      | Noticed ReniFell's ghost (amateur FoFi)
  3247 | D:4      | Noticed Robin
  3423 | D:4      | Killed ReniFell's ghost
  3423 | D:4      | Reached skill level 10 in Axes
  3423 | D:4      | Reached XP level 7. HP: 25/62 MP: 6/6
  3613 | D:4      | Found Banoz's Weapon Emporium.
  3764 | D:4      | Found Uheol's Distillery.
  3767 | D:4      | Bought a potion of curing for 36 gold pieces
  3797 | D:4      | Killed Robin
  3927 | D:4      | Found Gajualoe's General Store.
  4200 | D:5      | Entered Level 5 of the Dungeon
  4269 | D:5      | Reached skill level 1 in Throwing
  4269 | D:5      | Reached skill level 1 in Shields
  4573 | D:5      | Found an iron altar of Okawaru.
  4637 | D:5      | Found a blossoming altar of Fedhas.
  4733 | D:5      | Reached skill level 11 in Axes
  4733 | D:5      | Reached XP level 8. HP: 67/72 MP: 7/7
  5074 | D:6      | Found a staircase to the Ecumenical Temple.
  5285 | D:6      | Noticed Crazy Yiuf
  5290 | D:6      | Killed Crazy Yiuf
  5296 | D:6      | Reached **** piety under Trog
  5317 | D:6      | Noticed Menkaure
  5483 | D:6      | Killed Menkaure
  5483 | D:6      | Reached skill level 5 in Fighting
  5588 | D:6      | Found a radiant altar of Vehumet.
  5716 | D:6      | Reached skill level 12 in Axes
  6144 | D:6      | Reached XP level 9. HP: 46/81 MP: 8/8
  6631 | D:7      | Found a shadowy altar of Dithmenos.
  6634 | D:7      | Found a sparkling altar of Nemelex Xobeh.
  6637 | D:7      | Found a bloodstained altar of Trog.
  7038 | D:8      | Noticed multipassport's ghost (novice TrAK)
  7061 | D:8      | Killed multipassport's ghost
  7061 | D:8      | Reached skill level 5 in Shields
  7465 | D:8      | Noticed Erolcha
  7505 | D:8      | Killed Erolcha
  7505 | D:8      | Reached skill level 13 in Axes
  7569 | D:8      | Reached XP level 10. HP: 73/94 MP: 9/9
  7974 | D:8      | Reached skill level 5 in Throwing
  8057 | D:8      | Received a gift from Trog
  9233 | D:9      | Reached skill level 14 in Axes
  9586 | D:9      | Identified the Compendium of Orientation
  9862 | D:9      | Found an oddly glowing altar of Pakellas.
  9951 | D:10     | Entered Level 10 of the Dungeon
 10223 | D:10     | Noticed Maurice
 10278 | D:10     | Found a staircase to the Lair.
 10309 | D:10     | Killed Maurice
 10361 | D:10     | Reached XP level 11. HP: 65/104 MP: 10/10
 10574 | D:10     | HP: 7/159 [electric eel/bolt of electricity (6)]
 11214 | D:10     | Received a gift from Trog
 11323 | D:10     | Found a staircase to the Orcish Mines.
 12037 | D:11     | Noticed Urug
 12057 | D:11     | Killed Urug
 12057 | D:11     | Reached skill level 15 in Axes
 12149 | D:11     | Reached ***** piety under Trog
 12561 | D:11     | Found a glowing silver altar of Zin.
 12761 | D:11     | Found Kyimyaru's Distillery.
 13143 | D:12     | Noticed a six-headed hydra
 13149 | D:12     | Killed a nine-headed hydra
 13166 | D:12     | Reached skill level 5 in Armour
 13225 | D:12     | Noticed Azrael
 13240 | D:12     | Killed Azrael
 13240 | D:12     | Reached skill level 10 in Fighting
 13686 | D:12     | Noticed a green ugly thing
 13688 | D:12     | Noticed Nessos
 13688 | D:12     | Noticed a hill giant
 13695 | D:12     | Killed a hill giant
 13695 | D:12     | Reached skill level 16 in Axes
 13698 | D:12     | Killed a green ugly thing
 13714 | D:12     | Noticed Kirke
 13743 | D:12     | Shot with an arrow by Nessos

Skill      XL: |  1  2  3  4  5  6  7  8  9 10 11 |
---------------+----------------------------------+-----
Axes           | 4 5 8 10 11 12 13 14 16 | 16.1
Throwing       | 1 3 4 5 |  5.9
Shields        | 1 4 6 7 9 |  9.7
Fighting       | 4 5 7 8 10 | 10.2
Armour         | 3 5 |  5.7
Dodging        | |  2.1

Action                   |  1- 3 |  4- 6 |  7- 9 | 10-12 || total
-------------------------+-------+-------+-------+-------++-------
Melee: Hand axe          |    84 |    83 |       |       ||   167
       Headbutt          |    15 |     5 |    40 |   113 ||   173
       War axe           |       |    15 |   311 |   572 ||   898
Invok: Berserk           |       |     2 |     6 |     7 ||    15
       Trog's Hand       |       |     3 |     6 |    14 ||    23
  Use: Scroll            |       |     7 |     7 |     8 ||    22
       Potion            |       |     6 |       |     4 ||    10
  Eat: Chunk             |     1 |     8 |    20 |    24 ||    53
       Fruit             |       |       |     1 |       ||     1
       Pizza             |       |       |       |     3 ||     3
       Royal jelly       |       |       |       |     1 ||     1
Armor: Animal skin       |    12 |     3 |       |       ||    15
       Ring mail         |       |    42 |    14 |       ||    56
       Chain mail        |       |       |   118 |    14 ||   132
       Plate armour      |       |       |       |   243 ||   243
Dodge: Dodged            |    49 |    59 |    77 |   137 ||   322
Block: Buckler           |       |       |    77 |   202 ||   279
